 Dungeon Crawl Stone Soup version 0.21-a0-137-g951aa02 (webtiles) character file.

203 inmateoo the Slasher (level 5, -3/41 HPs)
             Began as a Demonspawn Gladiator on July 18, 2017.
             Was an Initiate of Okawaru.
             Slain by a shadow imp (5 damage)
             ... summoned by Natasha
             ... on level 3 of the Dungeon.
             The game lasted 00:04:19 (3101 turns).

inmateoo the Slasher (Demonspawn Gladiator)         Turns: 3101, Time: 00:04:20

Health: -3/41      AC:  7    Str: 15    XL:     5   Next: 51%
Magic:  5/5        EV: 11    Int: 10    God:    Okawaru [......]
Gold:   135        SH:  0    Dex: 14    Spells: 4/4 levels left

rFire    . . .     SeeInvis .   a - +0 long sword
rCold    . . .     Gourm    .   (no shield)
rNeg     . . .     Faith    .   u - +0 scale mail
rPois    .         Spirit   .   c - +0 helmet
rElec    .         Reflect  .   (no cloak)
rCorr    .         Harm     .   (no gloves)
MR       .....                  (no boots)
Stlth    ..........             (no amulet)
HPRegen  0.13/turn              (no ring)
MPRegen  0.09/turn              (no ring)

@: slowed, very slow
A: talons 1, rot immunity
a: Renounce Religion


You were on level 3 of the Dungeon.
You worshipped Okawaru.
Okawaru was noncommittal.
You were hungry.

You visited 1 branch of the dungeon, and saw 3 of its levels.

You collected 135 gold pieces.

Inventory:

Hand Weapons
 a - a +0 long sword (weapon)
 i - a +0 spear of flaming
Missiles
 d - 3 throwing nets (quivered)
Armour
 c - a +0 helmet (worn)
 u - a +0 scale mail (worn)
Scrolls
 h - a scroll of magic mapping
 j - a scroll of teleportation
 k - a scroll of remove curse
 q - 2 scrolls of identify
 r - a scroll of fog
Books
 v - a book of Maledictions

   Spells                             Type                      Level
   a - Corona                         Hexes                        1
   b - Ensorcelled Hibernation        Hexes/Ice                    2
   c - Confuse                        Hexes                        3
   d - Tukima's Dance                 Hexes                        3
   e - Dazzling Spray                 Conjuration/Hexes            3
Comestibles
 b - 2 fruits
 f - 5 bread rations
 g - 3 chunks of flesh
 p - 2 meat rations


   Skills:
 + Level 3.3 Fighting
 * Level 4.0 Long Blades
 - Level 1.7 Throwing
 + Level 1.9 Armour
 + Level 3.5 Dodging


You had 4 spell levels left.
You didn't know any spells.

Dungeon Overview and Level Annotations

Branches:
Dungeon (3/15)

Altars:
Ashenzari
Makhleb
Okawaru
Wu Jian

Annotations:
D:3 1 runed door, Grinder, Natasha


Innate Abilities, Weirdness & Mutations

You have sharp toenails.
You are immune to rotting.


Message History

Natasha claws you. The shadow imp gestures at you.
Pain shoots through your body!
* * * LOW HITPOINT WARNING * * *
You hit Natasha but do no damage.
Natasha is heavily wounded.
Natasha casts a spell at you. The magic dart hits you!
* * * LOW HITPOINT WARNING * * *
The shadow imp hits you.
* * * LOW HITPOINT WARNING * * *
Natasha casts a spell.
The shadow imp hits you.
* * * LOW HITPOINT WARNING * * *
You slash Natasha!
Natasha is almost dead.
Natasha misses you.
The shadow imp lashes its tail.
The shadow imp hits you.
You die...

##.....## #####...##....
########.......####.(.†..######.
#........................# #.
##.######..........#......# ##
#..# ##............####.### #
..####..##.........# #...## ##
####...###.....5...######..#####.
.###.### #.......5..........)....
.##..# #......@h..........#####
..).## ##..####5..........# #
#..## #.## #...........# # #..###
#.# ##..........# # .....#### #.#
#...>.....# # .<##.)..# #.#
.........##### ..#####.###.#
............## ..### #.##..#
#########...# ....###....## ###.#


You could see Natasha, 2 crimson imps and a shadow imp.

Vanquished Creatures
  Natasha (twice) (D:3)
  4 gnolls
  3 adders
  An ooze (D:1)
  An adder skeleton (D:3)
  6 worms
  2 dart slugs
  2 leopard geckos
  8 giant cockroaches
  10 goblins
  7 hobgoblins
  4 kobolds
  A ball python (D:2)
  2 bats
  8 frilled lizards
  3 rats
64 creatures vanquished.

Notes
Turn   | Place    | Note
-------+----------+-------------------------------------------
     0 | D:1      | inmateoo the Demonspawn Gladiator began the quest for the Orb.
     0 | D:1      | Reached XP level 1. HP: 16/16 MP: 1/1
   389 | D:1      | Gained mutation: You are immune to rotting. [demonic ancestry]
   389 | D:1      | Reached XP level 2. HP: 22/22 MP: 2/2
   491 | D:1      | Reached skill level 3 in Long Blades
  1074 | D:2      | Found an ornate altar of the Wu Jian Council.
  1121 | D:2      | Reached XP level 3. HP: 24/28 MP: 3/3
  1138 | D:2      | Reached skill level 1 in Armour
  1290 | D:2      | Found an iron altar of Okawaru.
  1294 | D:2      | Found a shattered altar of Ashenzari.
  1297 | D:2      | Found a burning altar of Makhleb.
  1373 | D:2      | Reached XP level 4. HP: 29/34 MP: 4/4
  1492 | D:2      | Became a worshipper of Warmaster Okawaru
  1982 | D:3      | Found a runed door.
  2284 | D:3      | Noticed Natasha
  2301 | D:3      | Killed Natasha
  2301 | D:3      | Gained mutation: You have sharp toenails. [demonic ancestry]
  2301 | D:3      | Reached XP level 5. HP: 17/41 MP: 5/5
  2587 | D:3      | Noticed Natasha
  2599 | D:3      | Killed Natasha
  2778 | D:3      | Noticed Grinder
  2788 | D:3      | Paralysed by Grinder for 4 turns
  2795 | D:3      | Reached skill level 4 in Long Blades
  2798 | D:3      | Paralysed by Grinder for 3 turns
  3088 | D:3      | Noticed Natasha
  3100 | D:3      | HP: 2/41 [shadow imp[Natasha] (3)]
  3101 | D:3      | Slain by a shadow imp

Vault maps used:
D:1:      dpeg_arrival_lava_altar
D:2:      minmay_overflow_temple_star_quad, lemuel_round_altar
D:3:      kennysheep_six_static_rooms, lightli_corner_chamber, uniq_grinder,
          uniq_ijyb, uniq_natasha, uniq_crazy_yiuf_cottage

Skill      XL: |  1  2  3  4  5 |
---------------+----------------+-----
Long Blades    | 3 4 |  4.0
Armour         | 1 |  1.9
Dodging        | 3 |  3.5
Fighting       | 3 |  3.3
Throwing       | |  1.7

Action                   |  1- 3 |  4- 6 || total
-------------------------+-------+-------++-------
Melee: Spear             |   130 |    39 ||   169
       Long sword        |     1 |    87 ||    88
       Kick              |       |    10 ||    10
  Use: Potion            |       |     4 ||     4
       Scroll            |       |     8 ||     8
  Eat: Chunk             |     1 |     5 ||     6
       Fruit             |       |     1 ||     1
Armor: Leather armour    |    40 |     4 ||    44
       Skin              |       |    17 ||    17
       Scale mail        |       |    36 ||    36
Dodge: Dodged            |    93 |    62 ||   155
       Rpst.: Long sword |       |    11 ||    11
